 Dungeon Crawl Stone Soup version 0.30-a0-122-g2a1322497e (webtiles) character file.

Game seed: 8909363178579412531

8 Barriton the Ruffian (level 2, 0/23 HPs)
             Began as a Draconian Transmuter on Sept 16, 2022.
             Was a Believer of Lugonu.
             Slain by a jackal (2 damage)
             ... on level 1 of the Dungeon.
             The game lasted 00:01:16 (391 turns).

Barriton the Ruffian (Draconian Transmuter)          Turns: 391, Time: 00:01:17

Health: 0/23       AC:  4    Str: 12    XL:     2   Next: 0%
Magic:  3/5        EV: 12    Int: 13    God:    Lugonu [**....]
Gold:   39         SH:  0    Dex: 11    Spells: 4/5 levels left

rFire   . . .      SeeInvis .      - Unarmed
rCold   . . .      Faith    .    (no shield)
rNeg    . . .      Spirit   .    (body armour unavailable)
rPois   .          Reflect  .    (helmet currently unavailable)
rElec   .          Harm     .    (no cloak)
rCorr   .          Rampage  .    (no gloves)
Will    .....                    (boots currently unavailable)
Stlth   +.........               (no amulet)
HPRegen 0.07/turn                (no ring)
MPRegen 0.09/turn                (no ring)

@: appendages (expiring)
A: horns 2, talons 2, AC +4, unfitting armour, cold-blooded
a: End Transformation, Renounce Religion, Depart the Abyss, Bend Space


You were on level 1 of the Dungeon.
You worshipped Lugonu.
Lugonu was pleased with you.
You had temporarily grown beastly horns and talons.
You visited 1 branch of the dungeon, and saw 1 of its levels.

You collected 39 gold pieces.

Inventory:

Scrolls
 b - a scroll of amnesia {unknown}
Potions
 a - a potion of lignification


   Skills:
 + Level 1.1 Fighting
 + Level 1.8 Dodging
 + Level 3.2 Unarmed Combat
 + Level 2.2 Spellcasting
 + Level 2.1 Transmutations


You had 4 spell levels left.
You knew the following spells:

 Your Spells              Type           Power      Damage    Failure   Level
a - Beastly Appendage     Tmut           12%        N/A       11%         1

Your spell library contained the following spells:

 Spells                   Type           Power      Damage    Failure   Level
 Wereblood                Tmut           6%         N/A       16%         2
 Spider Form              Tmut/Pois      4%         N/A       43%         3
 Ice Form                 Ice/Tmut       4%         N/A       85%         4


Dungeon Overview and Level Annotations

Branches:
Dungeon (1/15)

Altars:
Lugonu


Innate Abilities, Weirdness & Mutations

You have temporarily grown beastly horns and talons.
Your plain brown scales are hard. (AC +4)
You cannot fit into any form of body armour.
You are cold-blooded and may be slowed by cold attacks.


Message History

The jackal closely misses you. The jackal bites you.
* * * LOW HITPOINT WARNING * * *
The jackal closely misses you. The jackal attacks as you move away!
The jackal barely misses you. The jackal attacks as you move away!
The jackal closely misses you.
The frilled lizard attacks as you move away!
The frilled lizard closely misses you. The jackal attacks as you move away!
The jackal bites you.
* * * LOW HITPOINT WARNING * * *
The jackal attacks as you move away! The jackal closely misses you.
The jackal misses you. The jackal barely misses you.
Your horns disappear.
Your talons disappear.
Okay, then.
Casting: Beastly Appendage (safe; 11% risk of failure)
Confirm with . or Enter, or press ? or * to list all spells.
You grow a pair of large bovine horns.
Your feet morph into talons.
You hit the jackal.
The jackal is heavily wounded.
The jackal bites you.
* * * LOW HITPOINT WARNING * * *
You hit the jackal but do no damage. You claw the jackal.
You kill the jackal!
Lugonu accepts your kill.
The jackal bites you but does no damage.
You have reached level 2!
You barely miss the jackal. You tail-slap the jackal.
The jackal is heavily wounded.
The jackal misses you.
You closely miss the jackal. Your kick misses the jackal.
Your headbutt misses the jackal.
The jackal is heavily wounded.
The jackal closely misses you.
You completely miss the jackal.
The jackal is heavily wounded.
Your transformation is almost over.
The jackal completely misses you.
You closely miss the jackal. You claw the jackal, but do no damage.
The jackal is heavily wounded.
The jackal bites you.
You die...

#..........#
#..........#
#..........#
......
+.......#.##
...... ###....##.#
#...... #....g# #
#..... ##.##l#
#...# #####.##h# #
#...###...#.##@#.#
#.#.....#........#
#....#......##.###
###.#.....#.####.#
......###..... ..#
##.....##..#######
##...###.##
####.####.#
..........#


You could see a jackal, a hobgoblin and a frilled lizard.

Vanquished Creatures
  A goblin (D:1)
  A hobgoblin (D:1)
  A jackal (D:1)
  2 bats (D:1)
  4 frilled lizards (D:1)
9 creatures vanquished.

Notes
Turn   | Place    | Note
-------+----------+-------------------------------------------
     0 | D:1      | Barriton the Draconian Transmuter began the quest for the
                  | Orb.
     0 | D:1      | Reached XP level 1. HP: 16/16 MP: 3/3
    49 | D:1      | Found a faded altar of an unknown god.
    63 | D:1      | Prayed at the altar of an unknown god.
    63 | D:1      | Became a worshipper of Lugonu the Unformed
    63 | D:1      | Reached * piety under Lugonu
    63 | D:1      | Reached ** piety under Lugonu
   388 | D:1      | Reached XP level 2. HP: 1/23 MP: 3/5
   391 | D:1      | Slain by a jackal

Illustrated notes

Levels and vault maps discovered:
D:1:      saegor_arrival_simple_b, layout_loops_corners,
          ebering_ecumenical_altar_sacrificial, minmay_misc_feat_five

Action                   || total
-------------------------++-------
Melee: Unarmed           ||    38
       Kick              ||     5
       Tailslap          ||     4
       Headbutt          ||     1
 Cast: Beastly Appendage ||     7
Armor: Skin              ||    18
Dodge: Dodged            ||    43

Table legend: (Time is in decaauts)
 A = Elapsed time spent in this place.
 B = Non-inter-level travel time spent in this place.
 C = Inter-level travel time spent in this place.
 D = Time resting spent in this place.
 E = Time spent auto-exploring this place.
 F = Levels seen in this place.
 G = Mean time per level.
                   A        B        C        D        E       F      G
               +--------+--------+--------+--------+--------+-----+--------+
         Total |    388 |    388 |      0 |      0 |    294 |   1 |  388.0 |
       Dungeon |    388 |    388 |      0 |      0 |    294 |   1 |  388.0 |
               +--------+--------+--------+--------+--------+-----+--------+

Top non-repeatable levels by time:
     D:1: 388 daAuts
